 Dungeon Crawl Stone Soup version 0.32-a0-995-gb4a59205af (webtiles) character file.

Game seed: 17285652822432490850

296 jasper the Trooper (level 6, 0/53 HPs)
             Began as a Draconian Fighter on Apr 22, 2024.
             Slain by a gnoll
             ... wielding a +0 spear
             ... led by a gnoll bouda
              (5 damage)
             ... on level 4 of the Dungeon.
             The game lasted 00:02:46 (2270 turns).

jasper the Trooper (Draconian Fighter)              Turns: 2270, Time: 00:02:46

Health: 0/53       AC:  6    Str: 21    XL:     6   Next: 12%
Magic:  6/6        EV: 11    Int:  8    God:
Gold:   173        SH:  4    Dex: 10    Spells: 5/5 levels left

rFire   . .          .
                       - Unarmed
rCold   . . .        a - +0 buckler
rNeg    . . .        (body armour unavailable)
rPois   +            (helmet restricted)
rElec   .            (no cloak)
rCorr   .            (no gloves)
SInv    .            (no boots)
Will    .....        (no amulet)
Stlth   +            m - ring of poison resistance
HPRegen 0.28/turn    (no ring)
MPRegen 0.10/turn

%: no passive effects
@: no status effects
A: AC +6, unfitting armour, cold-blooded
a: no special abilities


You were on level 4 of the Dungeon.
You visited 1 branch of the dungeon, and saw 4 of its levels.

You collected 173 gold pieces.

Inventory:

Missiles
 c - 44 stones (quivered)
 h - 5 boomerangs
 k - 4 javelins
Armour
 a - a +0 buckler (worn)
Jewellery
 m - a ring of poison resistance (left hand)
Talismans
 l - a beast talisman
Wands
 f - a wand of iceblast (4)
 j - a wand of paralysis (10)
Scrolls
 b - a scroll of fog
 d - a scroll of fear {unknown}
 o - a scroll of teleportation
 r - a scroll of poison {unknown}
Potions
 e - a potion of invisibility
 g - 3 potions of brilliance
 q - a potion of heal wounds {unknown}


   Skills:
 + Level 4.4 Fighting
 + Level 3.7 Dodging
 + Level 4.1 Shields
 * Level 4.3 Unarmed Combat


You had 5 spell levels left.
You didn't know any spells.
Your spell library contained the following spells:

 Spells                   Type           Power      Damage    Failure   Level
 Call Imp                 Summ           0%         N/A       63%         2
 Sublimation of Blood     Necr           0%         N/A       63%         2
 Frozen Ramparts          Ice            0%         1d1       85%         3
 Ozocubu's Armour         Ice            0%         N/A       85%         3
 Metabolic Englaciation   Hex/Ice        0%         N/A       100%        5
 Haunt                    Necr/Summ      0%         N/A       100%        7
 Summon Hydra             Summ           0%         N/A       100%        7
 Borgnjor's Revivificati  Necr           0%         N/A       100%        8
 Death's Door             Necr           0%         N/A       100%        9


Dungeon Overview and Level Annotations

Branches:
Dungeon (4/15)
 Temple: D:4-7

Altars:


Innate Abilities, Weirdness & Mutations

Your plain brown scales are hard. (AC +6)
You cannot fit into any form of body armour.
You are cold-blooded and may be slowed by cold attacks.


Message History

You hit the gnoll bouda.
Your tail-slap misses the gnoll bouda.
The gnoll bouda is moderately wounded.
The gnoll bouda hits you with a +0 club.
You take 1 damage, and have 28/53 hp.
You hit the gnoll bouda.
Your tail-slap misses the gnoll bouda.
The gnoll bouda is heavily wounded.
The gnoll bouda closely misses you.
You hit the gnoll bouda.
The gnoll bouda is severely wounded.
The gnoll bouda hits you with a +0 club!
You take 10 damage, and have 18/53 hp.
You hit the gnoll bouda but do no damage.
The gnoll bouda is severely wounded.
You hit the gnoll bouda.
You kill the gnoll bouda!
The gnoll is no longer moving quickly.
You hit the goblin but do no damage. The goblin hits you but does no damage.
You hit the goblin.
Your tail-slap misses the goblin.
The goblin is moderately wounded.
The gnoll hits you from afar with a +0 spear!
* * * LOW HITPOINT WARNING * * *
The goblin hits you with a +0 club.
* * * LOW HITPOINT WARNING * * *
You hit the goblin.
You kill the goblin!
You block the gnoll's attack.
You take 11 damage, and have 8/53 hp.
MASSIVE DAMAGE!!
The gnoll is no longer moving quickly.
The gnoll hits you but does no damage. The gnoll barely misses you.
Items here: )) [ †.
You barely miss the gnoll. The gnoll hits you but does no damage.
You hit the gnoll.
The gnoll is heavily wounded.
The gnoll hits you with a +0 spear.
* * * LOW HITPOINT WARNING * * *
The gnoll misses you. You block the gnoll's attack.
You barely miss the gnoll.
Your tail-slap misses the gnoll.
The gnoll is heavily wounded.
The gnoll closely misses you. The gnoll hits you with a +0 spear.
You die...

♣♣.♣ ♣♣.♣
♣..♣♣...♣
♣♣....♣
♣♣♣.♣♣
♣.♣♣♣ ♣♣..♣
♣♣.♣ . ♣♣.♣
....♣♣♣♣@♣♣
♣...gg♣♣
♣...♣♣♣♣ ♣.


You could see 2 gnolls.

Vanquished Creatures
  An ogre (D:4)
  A hound (D:4)
  2 bombardier beetles (D:3)
  A gnoll bouda (D:4)
  A gnoll (D:4)
  An adder (D:2)
  3 dart slugs
  An orc (D:3)
  4 ball pythons
  5 bats
  3 endoplasms
  2 giant cockroaches
  10 hobgoblins
  6 jackals
  2 quokkas (D:1)
  A frilled lizard (D:2)
  5 goblins
  5 kobolds
  9 rats
63 creatures vanquished.

Notes
Turn   | Place    | Note
-------+----------+-------------------------------------------
     0 | D:1      | jasper the Draconian Fighter began the quest for the Orb.
     0 | D:1      | Reached XP level 1. HP: 19/19 MP: 1/1
   187 | D:1      | Reached XP level 2. HP: 26/26 MP: 2/2
   679 | D:1      | Reached XP level 3. HP: 31/31 MP: 3/3
  1662 | D:3      | Reached XP level 4. HP: 40/40 MP: 4/4
  2099 | D:4      | Noticed an ogre
  2103 | D:4      | Killed an ogre
  2104 | D:4      | Reached XP level 5. HP: 46/46 MP: 5/5
  2256 | D:4      | Reached XP level 6. HP: 29/53 MP: 6/6
  2270 | D:4      | Slain by a gnoll

Illustrated notes

Levels and vault maps discovered:
D:1:      amcnicky_arrival_choice, layout_loops_ring
D:2:      layout_loops_ring
D:3:      layout_rooms, minivault_19
D:4:      kb_forest_paths, layout_loops_ring, nicolae_ru_the_path_less_chosen

Skill      XL: |  1  2  3  4  5 |
---------------+----------------+-----
Dodging        | 3 |  3.7
Unarmed Combat | 3 4 |  4.3
Fighting       | 4 |  4.4
Shields        | 4 |  4.1

Action                     |  1- 3 |  4- 6 || total
---------------------------+-------+-------++-------
  Melee: Unarmed           |   141 |    63 ||   204
         Tailslap          |    19 |     9 ||    28
  Throw: Stone             |     1 |       ||     1
    Use: Scroll            |     2 |     5 ||     7
         Potion            |       |     1 ||     1
   Stab: Sleeping          |     2 |       ||     2
 Armour: Skin              |    58 |    37 ||    95
  Dodge: Dodged            |    77 |    25 ||   102
  Block: Buckler           |    19 |    11 ||    30

Table legend: (Time is in decaauts)
 A = Elapsed time spent in this place.
 B = Non-inter-level travel time spent in this place.
 C = Inter-level travel time spent in this place.
 D = Time resting spent in this place.
 E = Time spent auto-exploring this place.
 F = Levels seen in this place.
 G = Mean time per level.
                   A        B        C        D        E       F      G
               +--------+--------+--------+--------+--------+-----+--------+
         Total |   2266 |   2180 |     86 |      0 |   1649 |   4 |  566.5 |
       Dungeon |   2266 |   2180 |     86 |      0 |   1649 |   4 |  566.5 |
               +--------+--------+--------+--------+--------+-----+--------+

Top non-repeatable levels by time:
     D:1: 866 daAuts
     D:2: 754 daAuts
     D:3: 476 daAuts
     D:4: 169 daAuts
